 Dungeon Crawl Stone Soup version 0.21.0-8-gf18e19db4a (webtiles) character file.

163147 Principatus the Peltast (level 18, -13/132 HPs)
             Began as a Halfling Hunter on Jan 16, 2018.
             Was an Elder of Fedhas.
             Killed from afar by a nagaraja (21 damage)
             ... with an orb of energy
             ... on level 4 of the Snake Pit on Jan 17, 2018.
             The game lasted 04:46:19 (57237 turns).

Principatus the Peltast (Halfling Hunter)          Turns: 57237, Time: 04:46:20

Health: -13/132    AC: 27    Str: 16    XL:     18   Next: 45%
Magic:  24/29      EV: 16    Int: 20    God:    Fedhas [****..]
Gold:   1252       SH: 14    Dex: 13    Spells: 6/18 levels left

rFire    + + .     SeeInvis .   y - +4 hunting sling (freeze)
rCold    + + .     Gourm    +   W - +0 shield
rNeg     + . .     Faith    .   u - +2 ice dragon scales
rPois    +         Spirit   .   w - +2 helmet of Weightlessness {rN+ rCorr Dex-2}
rElec    +         Reflect  .   g - +2 cloak
rCorr    +         Harm     .   a - +2 pair of gloves
MR       +++..                  v - +1 pair of boots
Stlth    ..........             A - amulet of the gourmand
HPRegen  1.32/turn              E - ring "Maecsed" {*Contam +Fly rElec MR++ Str+2}
MPRegen  0.21/turn              O - ring of Gozag's Outrage {rPois rF+++ Int+6 Dex-2}

@: lethally poisoned (-13 -> -13), regenerating (expiring)
A: small, mutation resistance 1
a: Fungal Bloom, Evolution, Sunlight, Growth, Reproduction, Renounce Religion,
Evoke Flight


You were on level 4 of the Snake Pit.
You worshipped Fedhas.
Fedhas was greatly pleased with you.
You were not hungry.

You visited 5 branches of the dungeon, and saw 28 of its levels.
You also visited: Ossuary and Ice Cave.

You collected 3095 gold pieces.
You spent 1843 gold pieces at shops.

Inventory:

Hand Weapons
 h - a +2 long sword of slicing
 q - a +3 scimitar of flaming
 y - a +4 hunting sling of freezing (weapon)
Missiles
 d - 46 sling bullets (quivered)
Armour
 a - a +2 pair of gloves (worn)
 e - the +0 plate armour of Sif Muna's Benevolence {Int+6}
   (You found it on level 2 of the Snake Pit)

   It affects your intelligence (+6).
 g - a +2 cloak (worn)
 u - +2 ice dragon scales (worn)
 v - a +1 pair of boots (worn)
 w - the +2 helmet of Weightlessness (worn) {rN+ rCorr Dex-2}
   (You found it on level 3 of the Lair of Beasts)

   It affects your dexterity (-2).
   It protects you from negative energy.
   It protects you from acid and corrosion.
 W - a +0 shield (worn)
 Y - the +0 pair of boots "Veos" {MP+9}
   (You found it on level 3 of the Snake Pit)

   It affects your magic capacity (+9).
Jewellery
 A - an amulet of the gourmand (around neck)
 E - the ring "Maecsed" (left hand) {*Contam +Fly rElec MR++ Str+2}
   (You bought it in a shop on level 2 of the Orcish Mines)

   [ring of flight]

   It affects your strength (+2).
   It insulates you from electricity.
   It affects your resistance to hostile enchantments.
   It lets you fly.
   It causes magical contamination when unequipped.
 J - the ring of Zoup {Wiz rN++}
   (You found it on level 12 of the Dungeon)

   [ring of wizardry]

   It improves your spell success rate.
   It greatly protects you from negative energy.
 O - the ring of Gozag's Outrage (right hand) {rPois rF+++ Int+6 Dex-2}
   (You bought it in a shop on level 2 of the Orcish Mines)

   [ring of poison resistance]

   It affects your intelligence (+6).
   It affects your dexterity (-2).
   It renders you almost immune to fire.
   It protects you from poison.
Wands
 l - a wand of digging (22)
 z - a wand of iceblast (36)
 P - a wand of clouds (7)
 R - a wand of acid (13)
Scrolls
 b - 10 scrolls of identify
 p - 2 scrolls of immolation
 t - 6 scrolls of amnesia
 B - a scroll of teleportation
 C - 4 scrolls of enchant weapon
 I - 2 scrolls of magic mapping
 K - 7 scrolls of remove curse
 M - 2 scrolls of brand weapon
 N - a scroll of silence
 V - a scroll of fog
 X - a scroll of holy word {unknown}
Potions
 c - a potion of agility
 j - 2 potions of invisibility
 k - 6 potions of might
 m - 4 potions of berserk rage
 r - 4 potions of flight
 x - 2 potions of mutation
 D - 2 potions of magic
 H - 3 potions of brilliance
 L - a potion of cancellation
Books
 n - a book of Minor Magic

   Spells                             Type                      Level
   a - Magic Dart                     Conjuration                  1
   b - Blink                          Translocation                2
   c - Call Imp                       Summoning                    2
   d - Slow                           Hexes                        2
   e - Conjure Flame                  Conjuration/Fire             3
   f - Mephitic Cloud                 Conjuration/Poison/Air       3
 s - a book of Battle

   Spells                             Type                      Level
   a - Infusion                       Charms                       1
   b - Shroud of Golubria             Charms/Translocation         2
   c - Song of Slaying                Charms                       2
   d - Spectral Weapon                Hexes/Charms                 3
   e - Regeneration                   Charms/Necromancy            3
 S - a Fen Folio

   Spells                             Type                      Level
   a - Corpse Rot                     Necromancy                   2
   b - Stone Arrow                    Conjuration/Earth            3
   c - Leda's Liquefaction            Hexes/Earth                  4
   d - Summon Forest                  Summoning/Translocation      5
   e - Hydra Form                     Transmutation                6
   f - Summon Hydra                   Summoning                    7
Miscellaneous
 T - a fan of gales
 U - a phantom mirror
Comestibles
 f - 44 rations


   Skills:
 + Level 14.5 Fighting
 - Level 12.0 Slings
 + Level 9.6 Armour
 + Level 10.0 Dodging
 - Level 1.4 Stealth
 + Level 15.9 Shields
 + Level 0.8 Spellcasting
 + Level 10.0 Charms
 - Level 3.1 Summonings
 - Level 1.0 Necromancy
 + Level 5.8 Translocations
 - Level 15.0 Invocations


You had 6 spell levels left.
You knew the following spells:

 Your Spells              Type           Power        Failure   Level  Hunger
a - Summon Hydra          Summ           ##........   100%        7    #######
b - Regeneration          Chrm/Necr      ###.......   30%         3    ####...
c - Blink                 Tloc           N/A          14%         2    ###....


Dungeon Overview and Level Annotations

Branches:
Dungeon (15/15)            Temple (0/1) D:5            Lair (6/6) D:8
 Shoals (0/4) Lair:3        Snake (4/4) Lair:3        Slime (0/5) Lair:6
    Orc (2/2) D:11            Elf (0/3) Orc:2        Vaults (0/5) D:13
 Depths (1/5) D:15

Altars:
Fedhas
Qazlal
Ru
Trog
Jiyva

Shops:
D:6 *   D:11 *   D:12 (   Orc:2 ::(=

Portals:
Trove: D:11 (give 13 potions of heal wounds)

Annotations:
D:15 exclusion: very ugly thing
Lair:6 1 runed door
Snake:1 Donald
Snake:2 Asterion
Snake:3 Kiel97's ghost, adept HOBe


Innate Abilities, Weirdness & Mutations

You are small and have problems with some larger weapons.
You are somewhat resistant to further mutation.


Message History

Your naga warrior dissolves into shadows!
You feel sick.
How many plants will you create? (4 max)
A plant, strengthened by Fedhas, grows up from the ground. x4 8 rations are consumed!
You feel sick.
Select plant or fungus to evolve.
Press: ? - help, Dir - move target cursor, f - plant
Aim: a plant (friendly, can evolve into an oklob plant)
The floor.
Your plant can now spit acid quickly. 2 rations are consumed!
Your skin is crawling a little less now.
You feel sick.
You feel sick. The nagaraja casts a spell at you.
The orb of energy hits your plant.
The orb of energy explodes!
The mystic blast hits your anaconda. The mystic blast hits your oklob plant.
The mystic blast hits you!
You die...
Fedhas appreciates your contribution to the ecosystem.

......N..#####.#######...........
.........#...........#...........
#........##..........#...........
###......#...........#...........
##......##..........#.....######
#........#.)..###..##....##.#...
##........#....#.####....##......
≈≈.....((##....#PP.##....#.......
P≈......)[().N.#@P###....##......
≈≈.......#).(NN#PS#.#....'.......
P≈.......#..NN(##N#.#....##......
≈.((....(###.N#N(#..#....#.......
P........(.##########....#.......
.........................#.......
≈≈......##'#....####.....#.......
≈≈.....##..##..## #.....###.##..
≈≈....##....#..## ##.......######


You could see a nagaraja, a friendly anaconda and a friendly oklob plant.

Vanquished Creatures
  Rupert (D:14)
  Kirke (Lair:4)
  2 nagarajas
  4 very ugly things
  Azrael (D:14)
  Nessos (Orc:2)
  Snorg (Orc:1)
  The ghost of UranusSolar the Blocker, a journeyman GrEE of Cheibriados (D:12)
  An ettin (Depths:1)
  Fannar (D:11)
  A great orb of eyes (Depths:1)
  Erolcha (Orc:2)
  2 ice dragons
  3 catoblepae
  8 hydras
  A centaur warrior (D:13)
  4 wandering mushrooms
  11 naga warriors
  11 anacondas
  11 two-headed ogres
  2 ogre magi
  2 tengu warriors (D:15)
  3 death yaks (Lair:6)
  An orc high priest (Orc:1)
  Nergalle (D:10)
  9 shock serpents
  10 naga sharpshooters
  A shadow wraith (D:13)
  An iron troll (Orc:2)
  A deep troll (Orc:2)
  2 unseen horrors
  The ghost of GuyWithAPlan the Zephyrmancer, a novice TeAE of Ashenzari (D:11)
  10 sea snakes
  10 naga ritualists
  Pikel (D:9)
  A lindwurm (Lair:6)
  13 mana vipers
  6 ugly things
  2 deep elf magi
  A wolf spider zombie (D:12)
  4 manticores
  2 orc sorcerers
  4 salamanders
  12 elephants
  5 cyclopes
  2 centaur zombies
  4 guardian serpents
  Joseph (D:8)
  8 naga magi
  3 ice statues (IceCv)
  Maurice (D:8)
  29 black mambas
  Psyche (D:11)
  11 spiny frogs
  A gargoyle (D:14)
  A rime drake (Lair:5)
  4 komodo dragons
  A kobold demonologist (D:6)
  A queen bee (D:10)
  8 trolls
  7 blink frogs
  A hornet (D:13)
  Grinder (D:7)
  A polar bear (Lair:1)
  A meliai zombie (D:11)
  6 hippogriffs
  11 slime creatures
  A spriggan (Lair:2)
  2 shadows
  3 fire elementals (D:14)
  A redback (shapeshifter) (D:13)
  A wyvern (D:8)
  A human (shapeshifter) (D:15)
  A wraith (D:12)
  34 yaks
  A basilisk (D:15)
  2 hogs (Lair:4)
  A vampire mosquito (D:13)
  A warg (Orc:1)
  2 steam dragons
  3 hungry ghosts
  45 nagas
  7 water moccasins
  8 porcupines
  2 hell hounds (D:14)
  7 ice beasts
  5 sky beasts
  5 orc warriors
  2 necrophages
  2 black bears
  3 phantoms
  An eye of draining (D:13)
  23 ogres
  12 centaurs
  2 wolves
  10 crocodiles
  2 big kobolds
  8 bullfrogs
  2 gnoll sergeants
  4 water moccasin zombies (Ossuary)
  A wyvern skeleton (D:13)
  3 scorpions
  25 killer bees
  6 wights
  4 howler monkeys
  3 electric eels
  4 crimson imps
  2 bullfrog zombies
  10 orc priests
  4 centaur skeletons
  Crazy Yiuf (D:6)
  2 bullfrog skeletons
  9 hounds
  A jelly (D:11)
  20 orc wizards
  8 iguanas
  12 worker ants
  3 big kobold zombies (Ossuary)
  2 hound zombies
  2 mummies (Ossuary)
  3 howler monkey skeletons
  A worker ant zombie (D:9)
  14 adders
  12 gnolls
  6 shadow imps
  2 oozes
  8 adder zombies
  3 adder skeletons
  A worm (D:2)
  3 dart slugs
  4 leopard geckos
  79 orcs
  4 giant cockroaches
  4 goblins
  9 hobgoblins
  9 jackals (D:2)
  16 kobolds
  8 quokkas
  4 ball pythons
  10 bats
  4 frilled lizards
  A giant cockroach zombie (D:5)
  5 gnoll zombies (Ossuary)
  2 hobgoblin zombies (Ossuary)
  5 kobold zombies (Ossuary)
  6 orc zombies (Ossuary)
  A quokka zombie (D:7)
  8 rats
  A toadstool (D:13)
835 creatures vanquished.

Vanquished Creatures (collateral kills)
  Frances (D:12)
  A nagaraja (Snake:4)
  An ettin (Orc:2)
  2 naga warriors (Snake:4)
  2 hydras (Lair:6)
  A catoblepas (Lair:6)
  A two-headed ogre (Orc:2)
  An ogre mage (Orc:2)
  4 death yaks (Lair:6)
  An unseen horror (D:13)
  A mana viper (Snake:1)
  3 elephants
  A naga mage (Snake:4)
  2 black mambas
  A spiny frog (Lair:2)
  A komodo dragon (shapeshifter) (D:13)
  5 komodo dragons
  4 trolls (Orc:2)
  A polar bear (Lair:2)
  13 blink frogs
  2 hippogriffs
  A spriggan (D:8)
  A wyvern (Lair:6)
  Sigmund (D:2)
  7 yaks
  A hog (Lair:4)
  2 basilisks (Lair:6)
  Grum (D:8)
  A vampire mosquito (D:13)
  3 nagas
  A hell hound (D:14)
  7 water moccasins
  A porcupine (Lair:1)
  2 orc warriors
  5 ogres
  A phantom (D:5)
  4 wolves
  4 crocodiles
  5 centaurs
  2 bullfrogs
  A big kobold (D:11)
  A gnoll sergeant (D:9)
  4 scorpions
  2 killer bees
  11 wights
  2 howler monkeys (D:9)
  3 crimson imps
  A hound (D:13)
  A jelly (D:11)
  5 orc wizards
  An iguana (D:6)
  3 gnolls
  5 adders
  A howler monkey skeleton (D:7)
  9 orcs
  A quokka (D:5)
  2 kobolds (D:11)
  A leopard gecko skeleton (D:6)
153 creatures vanquished.

Vanquished Creatures (others)
  A black mamba (Snake:4)
  45 wandering mushrooms
  A porcupine (Lair:2)
  A hobgoblin zombie (Ossuary)
  23 fungi
  68 plants
  554 toadstools
693 creatures vanquished.

Grand Total: 1681 creatures vanquished

Notes
Turn   | Place    | Note
-------+----------+-------------------------------------------
     0 | D:1      | Principatus the Halfling Hunter began the quest for the Orb.
     0 | D:1      | Reached XP level 1. HP: 14/14 MP: 1/1
    94 | D:1      | Reached XP level 2. HP: 13/19 MP: 2/2
   593 | D:1      | Reached XP level 3. HP: 24/24 MP: 3/3
  1181 | D:2      | Reached XP level 4. HP: 21/29 MP: 4/4
  1409 | D:2      | Reached skill level 1 in Shields
  1516 | D:2      | Reached XP level 5. HP: 21/34 MP: 5/5
  2006 | D:2      | Noticed Sigmund
  2272 | D:3      | Found a blossoming altar of Fedhas.
  2279 | D:3      | Became a worshipper of Fedhas Madash
  2311 | D:3      | Found a stormy altar of Qazlal.
  2824 | D:3      | Reached XP level 6. HP: 39/39 MP: 6/6
  3231 | D:4      | Noticed an ogre
  3254 | D:4      | Killed an ogre
  3254 | D:4      | Reached XP level 7. HP: 40/44 MP: 7/7
  3302 | D:4      | Reached * piety under Fedhas
  3325 | D:4      | Got a translucent mace
  3326 | D:4      | Identified the +0 mace "Baddidgh" {crush, MR+ Int+4} (You found it on level 4 of the Dungeon)
  3700 | D:4      | Reached skill level 10 in Slings
  3715 | D:4      | Reached skill level 5 in Shields
  4105 | D:5      | Entered Level 5 of the Dungeon
  4226 | D:5      | Reached XP level 8. HP: 51/51 MP: 8/8
  5064 | D:5      | Found a staircase to the Ecumenical Temple.
  5658 | D:2      | Killed Sigmund
  5959 | D:6      | Reached XP level 9. HP: 52/59 MP: 9/9
  6055 | D:6      | Reached skill level 5 in Fighting
  6516 | D:6      | Found Teiddy's Assorted Antiques.
  6623 | D:6      | Found a runed door.
  6627 | D:6      | Noticed Crazy Yiuf
  6632 | D:6      | Killed Crazy Yiuf
  6986 | D:6      | Noticed a kobold demonologist
  7025 | D:6      | Noticed an ice devil
  7036 | D:6      | Noticed an ice devil
  7055 | D:6      | Noticed an orange demon
  7068 | D:6      | Killed a kobold demonologist
  7232 | D:7      | Noticed a hippogriff
  7241 | D:7      | Killed a hippogriff
  7259 | D:7      | Noticed Grinder
  7274 | D:7      | Killed Grinder
  7544 | D:7      | Reached XP level 10. HP: 73/73 MP: 10/10
  7621 | D:7      | Reached skill level 1 in Invocations
  7636 | D:7      | Reached skill level 1 in Armour
  8163 | D:8      | Found a sand-covered staircase.
  8167 | Ossuary  | Entered an ossuary
  8666 | D:8      | Noticed a two-headed ogre
  8684 | D:8      | Killed a two-headed ogre
  8766 | D:8      | Noticed Grum
  8790 | D:8      | Killed Grum
  9061 | D:8      | Reached skill level 5 in Invocations
  9323 | D:8      | Killed an unseen horror
  9403 | D:8      | Noticed Maurice
  9424 | D:8      | Killed Maurice
  9424 | D:8      | Reached XP level 11. HP: 80/80 MP: 15/15
  9605 | D:8      | Noticed Joseph
  9810 | D:8      | Reached skill level 5 in Dodging
  9838 | D:8      | Found a staircase to the Lair.
  9898 | D:8      | Killed Joseph
 10482 | D:8      | You fall through a shaft!
 10482 | D:9      | Noticed Pikel
 10501 | D:9      | Killed Pikel
 11037 | D:9      | Reached skill level 5 in Armour
 11114 | D:9      | Found a stormy altar of Qazlal.
 11599 | D:9      | Found a sacrificial altar of Ru.
 11710 | D:9      | Noticed a two-headed ogre
 11720 | D:9      | Killed a two-headed ogre
 12115 | D:10     | Entered Level 10 of the Dungeon
 12545 | D:10     | Noticed Nergalle
 12570 | D:10     | Killed Nergalle
 12573 | D:10     | Reached skill level 10 in Fighting
 12788 | D:10     | Reached XP level 12. HP: 71/87 MP: 18/18
 13461 | D:11     | Found Vigyihodda's Assorted Antiques.
 13504 | D:11     | Bought a scroll of blinking for 270 gold pieces
 13517 | D:11     | Noticed a two-headed ogre
 13534 | D:11     | Killed a two-headed ogre
 13579 | D:11     | Noticed Psyche
 13589 | D:11     | Killed Psyche
 13610 | D:11     | Found a staircase to the Orcish Mines.
 13614 | Orc:1    | Entered Level 1 of the Orcish Mines
 13711 | Orc:1    | Found a bloodstained altar of Trog.
 13830 | Orc:1    | Found a dark tunnel.
 13995 | D:11     | Noticed GuyWithAPlan's ghost (novice TeAE)
 14008 | D:11     | Killed GuyWithAPlan's ghost
 14229 | D:11     | Noticed Fannar
 14444 | Lair:1   | Entered Level 1 of the Lair of Beasts
 14597 | Lair:1   | Noticed a four-headed hydra
 14608 | Lair:1   | Killed a four-headed hydra
 14771 | Lair:1   | Reached skill level 10 in Invocations
 15336 | Lair:1   | You fall through a shaft!
 15796 | Lair:2   | Reached XP level 13. HP: 91/95 MP: 20/20
 17250 | Lair:3   | Reached skill level 10 in Shields
 17530 | Lair:3   | Found a staircase to the Shoals.
 17805 | Lair:3   | Found a staircase to the Snake Pit.
 18023 | Lair:3   | Got a fine helmet
 18034 | Lair:3   | Identified the +2 helmet of Weightlessness {rN+ rCorr Dex-2} (You found it on level 3 of the Lair of Beasts)
 18558 | Lair:4   | Found a frozen archway.
 18567 | IceCv    | Entered an ice cave
 20306 | IceCv    | Got a brightly glowing robe
 20319 | IceCv    | Identified the +1 robe "Sokkorgh" {Slay+3} (You found it in an ice cave)
 20374 | Lair:4   | Noticed a seven-headed hydra
 20391 | Lair:4   | Killed a seven-headed hydra
 20783 | Lair:4   | Noticed Kirke
 21555 | Lair:5   | Identified a scroll of acquirement
 21816 | Lair:5   | Noticed a six-headed hydra
 21824 | Lair:5   | Killed a six-headed hydra
 21824 | Lair:5   | Reached XP level 14. HP: 103/103 MP: 23/23
 22794 | Lair:6   | Entered Level 6 of the Lair of Beasts
 23603 | Lair:6   | Learned a level 7 spell: Summon Hydra
 23603 | Lair:6   | Found a runed door.
 23603 | Lair:6   | Found a viscous altar of Jiyva.
 23604 | Lair:6   | Found a staircase to the Slime Pits.
 23604 | Lair:6   | Noticed an acid blob
 24215 | Lair:6   | Reached skill level 1 in Summonings
 24721 | Lair:6   | Reached ** piety under Fedhas
 25244 | Lair:6   | Got a smoking golden amulet
 25245 | Lair:6   | Identified the amulet of Eternal Night {+Rage rPois} (You found it on level 6 of the Lair of Beasts)
 26114 | Lair:4   | Killed Kirke
 26114 | Lair:4   | Reached XP level 15. HP: 98/110 MP: 24/24
 26538 | D:11     | Killed Fannar
 26887 | Orc:2    | Entered Level 2 of the Orcish Mines
 26985 | Orc:2    | Noticed Snorg
 27022 | Orc:2    | Noticed Nessos
 27361 | Orc:2    | Noticed Erolcha
 27402 | Orc:1    | Killed Snorg
 27650 | Orc:2    | Found a staircase to the Elven Halls.
 28289 | D:11     | Found a portal to a secret trove of treasure.
 28599 | D:12     | Found Najinn's Weapon Shoppe.
 28902 | D:12     | Noticed Frances
 29596 | D:12     | Learned a level 3 spell: Regeneration
 29826 | D:12     | Got a translucent silver ring
 29831 | D:12     | Identified the ring of Zoup {Wiz rN++} (You found it on level 12 of the Dungeon)
 29939 | D:13     | Reached skill level 1 in Charms
 30987 | D:13     | Found a gate to the Vaults.
 31495 | D:14     | Noticed Rupert
 31519 | D:14     | Killed Rupert
 31755 | D:14     | Reached *** piety under Fedhas
 32023 | D:14     | Upgraded the game from 0.21.0-3-g78d12a8bdd to 0.21.0-8-gf18e19db4a
 32206 | D:14     | Noticed Azrael
 32741 | D:15     | Entered Level 15 of the Dungeon
 34222 | Orc:2    | Killed Erolcha
 34257 | Orc:2    | Reached XP level 16. HP: 102/117 MP: 26/26
 34670 | Orc:2    | Killed Nessos
 35441 | Orc:2    | Found Vyfecveted's Jewellery Emporium.
 35471 | Orc:2    | Found Paegiuph's Book Emporium.
 35605 | Orc:1    | Paralysed by an orc sorcerer for 7 turns
 36239 | Orc:2    | Found Emumaa's Book Shop.
 36244 | Orc:2    | Found Xaichucw's Antique Weapon Shoppe.
 36259 | Orc:2    | Bought a runed hunting sling for 112 gold pieces
 36663 | Orc:2    | Bought the ring of Gozag's Outrage {rPois rF+++ Int+6 Dex-2} for 915 gold pieces
 36663 | Orc:2    | Bought the ring "Maecsed" {*Contam +Fly rElec MR++ Str+2} for 500 gold pieces
 36862 | D:12     | Noticed UranusSolar's ghost (journeyman GrEE)
 36904 | D:12     | Killed UranusSolar's ghost
 36978 | D:12     | Killed Frances
 37600 | D:14     | Reached skill level 5 in Charms
 37615 | D:14     | Killed Azrael
 38216 | D:15     | Found a staircase to the Depths.
 38392 | Depths:1 | Entered Level 1 of the Depths
 38414 | Depths:1 | Reached skill level 15 in Shields
 39164 | Snake:1  | Entered Level 1 of the Snake Pit
 39170 | Snake:1  | Learned a level 2 spell: Blink
 39426 | Snake:1  | Reached skill level 1 in Translocations
 40111 | Snake:1  | Reached skill level 1 in Necromancy
 40688 | Snake:1  | Noticed Donald
 40967 | Snake:1  | Reached **** piety under Fedhas
 41597 | Snake:1  | Reached XP level 17. HP: 73/124 MP: 27/27
 42441 | D:12     | Bought 29 stones for 46 gold pieces
 45606 | Snake:2  | Got an ichor-stained plate armour
 45619 | Snake:2  | Identified the cursed +0 plate armour of Sif Muna's Benevolence {Int+6} (You found it on level 2 of the Snake Pit)
 47032 | Snake:3  | Noticed Kiel97's ghost (adept HOBe)
 49475 | Snake:3  | Got a pair of transparent boots
 49486 | Snake:3  | Identified the +0 pair of boots "Veos" {MP+9} (You found it on level 3 of the Snake Pit)
 49503 | Snake:3  | Noticed Asterion
 49504 | Snake:3  | Noticed an Executioner
 50853 | Snake:3  | Reached skill level 5 in Translocations
 51276 | Snake:3  | Reached XP level 18. HP: 100/132 MP: 29/29
 51655 | Snake:4  | Entered Level 4 of the Snake Pit
 54608 | Snake:4  | Reached skill level 15 in Invocations
 56678 | Snake:4  | Reached skill level 10 in Dodging
 56694 | Snake:4  | Reached skill level 10 in Charms
 57237 | Snake:4  | Killed from afar by a nagaraja

Skill      XL: |  1  2  3  4  5  6  7  8  9 10 11 12 13 14 15 16 17 18 |
---------------+-------------------------------------------------------+-----
Slings         | 6 7 8 9 10 11 12 | 12.0
Shields        | 1 3 4 5 7 9 11 13 14 15 | 15.9
Fighting       | 2 4 8 9 10 11 12 13 14 | 14.5
Invocations    | 6 8 10 12 13 14 15 | 15.0
Armour         | 4 5 6 8 9 |  9.6
Dodging        | 4 5 7 8 9 10 | 10.0
Summonings     | 2 3 |  3.1
Charms         | 3 6 9 10 | 10.0
Translocations | 2 5 |  5.8
Necromancy     | 1 |  1.0
Stealth        | |  1.4
Spellcasting   | |  0.8

Action                   |  1- 3 |  4- 6 |  7- 9 | 10-12 | 13-15 | 16-18 || total
-------------------------+-------+-------+-------+-------+-------+-------++-------
Melee: Dagger            |    37 |     4 |       |       |       |       ||    41
       Hunting sling     |       |       |       |     1 |    16 |       ||    17
       War axe           |       |       |       |       |    81 |       ||    81
       Unarmed           |       |       |       |       |     9 |       ||     9
       Scimitar          |       |       |       |       |       |   203 ||   203
       Long sword        |       |       |       |       |       |    61 ||    61
 Fire: Hunting sling     |    59 |   210 |   404 |  1200 |  2456 |  2713 ||  7042
 Cast: Blink             |       |       |       |       |       |     2 ||     2
       Regeneration      |       |       |       |       |       |     4 ||     4
Invok: Fungal Bloom      |       |     8 |    16 |    58 |    82 |    51 ||   215
       Evolution         |       |       |     6 |    16 |    23 |     8 ||    53
       Growth            |       |       |       |       |       |     1 ||     1
Evoke: Wand              |       |     2 |     1 |       |     1 |       ||     4
       Fan of gales      |       |       |       |       |     1 |       ||     1
  Use: Scroll            |     1 |     4 |    14 |     4 |    20 |    19 ||    62
       Potion            |       |     1 |       |     2 |    10 |     9 ||    22
 Stab: Confused          |       |       |       |       |     1 |       ||     1
       Distracted        |       |       |       |       |       |     1 ||     1
  Eat: Chunk             |     1 |     6 |     8 |    36 |    34 |    21 ||   106
       Ration            |       |       |     1 |       |     4 |    14 ||    19
Armor: Leather armour    |    10 |     2 |       |       |       |       ||    12
       Ice dragon scales |       |    16 |    19 |    89 |   344 |   531 ||   999
       Skin              |       |       |       |    26 |       |       ||    26
       Robe              |       |       |       |       |    10 |       ||    10
       Plate armour      |       |       |       |       |       |    17 ||    17
Dodge: Dodged            |    35 |    40 |    30 |   168 |   603 |   667 ||  1543
Block: Buckler           |       |    18 |    15 |    51 |       |       ||    84
       Shield            |       |       |       |    82 |   654 |  1022 ||  1758
       Rpst.: Scimitar   |       |       |       |       |       |    27 ||    27
       Long sword        |       |       |       |       |       |     4 ||     4
